 Dungeon Crawl Stone Soup version 0.22-a0-284-g99d1f74 (webtiles) character file.

74 4thArraOfDagon the Slasher (level 4, -7/33 HPs)
             Began as a Formicid Warper on Mar 20, 2018.
             Killed from afar by an electric eel (11 damage)
             ... with a bolt of electricity
             ... on level 9 of the Dungeon.
             The game lasted 00:03:24 (733 turns).

4thArraOfDagon the Slasher (Formicid Warper)         Turns: 733, Time: 00:03:26

Health: -7/33      AC: 11    Str: 15    XL:     4   Next: 54%
Magic:  7/7        EV:  6    Int: 14    God:
Gold:   11         SH:  0    Dex: 10    Spells: 7/7 levels left

rFire    . . .     SeeInvis +   a - +0 falchion
rCold    . . .     Gourm    .   (no shield)
rNeg     . . .     Faith    .   m - +0 chain mail
rPois    .         Spirit   .   (helmet unavailable)
rElec    .         Reflect  .   (no cloak)
rCorr    .         Harm     .   (no gloves)
MR       .....                  g - +2 pair of boots
Stlth    ..........             (no amulet)
HPRegen  0.11/turn              (no ring)
MPRegen  0.10/turn              (no ring)

@: no status effects
A: permanent stasis, dig shafts and tunnels, four strong arms, antennae 3
a: Dig, Shaft Self


You were on level 9 of the Dungeon.
You were very hungry.

You visited 1 branch of the dungeon, and saw 7 of its levels.

You collected 11 gold pieces.

Inventory:

Hand Weapons
 a - a +0 falchion (weapon)
Missiles
 e - 5 tomahawks of dispersal (quivered)
 o - 4 tomahawks
 p - a throwing net
Armour
 b - a +0 leather armour
 g - a +2 pair of boots (worn)
 m - a +0 chain mail (worn)
Scrolls
 c - a scroll of enchant armour {unknown}
 j - a scroll of enchant weapon {unknown}
 k - a scroll of fog {unknown}
Potions
 h - 2 potions of brilliance {unknown}
 i - a potion of invisibility {unknown}
 l - a potion of might {unknown}
 n - a potion of lignification {unknown}
Comestibles
 f - 3 rations


   Skills:
 - Level 2.1 Fighting
 * Level 4.4 Long Blades
 - Level 1.0 Throwing
 - Level 1.1 Armour
 - Level 1.7 Dodging
 - Level 2.1 Spellcasting
   Level 2.6 Translocations


You had 7 spell levels left.
You didn't know any spells.

Dungeon Overview and Level Annotations

Branches:
Dungeon (6/15)
 Temple: D:4-7

Altars:
Ashenzari


Innate Abilities, Weirdness & Mutations

You cannot be hasted, slowed, berserked, paralysed or teleported.
You can dig through walls and to a lower floor.
Your four strong arms can wield two-handed weapons with a shield.
You have a pair of large antennae on your head. (SInv)


Message History

Are you sure you want to shaft yourself?
You are feeling very hungry.
You begin to dig a shaft.
You continue digging a shaft.
A shaft appears beneath you!
You fall through a shaft for 3 floors!
The shaft crumbles and collapses.
A bullfrog, a black bear, an ice beast, 4 orcs, an electric eel and a simulacrum come into view.
The bullfrog croaks.
The black bear growls angrily.
The orc shouts!
The orc warrior shouts!
The orc shouts! x2; You hear a shout! x2
Unknown command.
Unknown command.
Are you sure you want to shaft yourself?
You feel somewhat more hungry.
The orc warrior hits you with a halberd!!
Ouch! That really hurt!
* * * LOW HITPOINT WARNING * * *
You begin to dig a shaft.
You continue digging a shaft.
The electric eel shoots out a bolt of lightning at you!
The bolt of electricity hits you!
You die...

##o#...####....
...o......+....
##.............
.....≈≈≈≈≈≈≈...
...≈≈≈≈≈≈≈.≈≈..
≈Z.≈........≈Y≈
≈≈....∩..∩.....
≈≈≈....@o...≈≈.
..≈≈.≈≈≈;≈F≈≈≈≈
.....o≈o≈≈.≈≈≈≈
##.........h...
#.##...#.##...
# ...##.# ..
##.. .. # ##.
.##


You could see an orc warrior, a black bear, an ice beast, a bullfrog, an
electric eel, an adder simulacrum and 4 orcs.

Vanquished Creatures
  A hound (D:4)
  An ooze (D:1)
  An adder zombie (D:6)
  A dart slug (D:2)
  6 orcs (D:4)
  A giant cockroach (D:2)
  5 hobgoblins
  A quokka (D:2)
  3 frilled lizards
  2 goblins (D:2)
  3 kobolds
  A quokka skeleton (D:6)
  2 rats
28 creatures vanquished.

Notes
Turn   | Place    | Note
-------+----------+-------------------------------------------
     0 | D:1      | 4thArraOfDagon the Formicid Warper began the quest for the Orb.
     0 | D:1      | Reached XP level 1. HP: 16/16 MP: 3/3
    93 | D:1      | Reached XP level 2. HP: 19/22 MP: 5/5
   128 | D:2      | Found a shattered altar of Ashenzari.
   166 | D:3      | Reached skill level 3 in Long Blades
   269 | D:2      | Reached XP level 3. HP: 19/27 MP: 6/6
   335 | D:2      | You fall through a shaft for 2 floors!
   347 | D:4      | Reached skill level 4 in Long Blades
   347 | D:4      | Reached XP level 4. HP: 23/33 MP: 7/7
   551 | D:5      | Entered Level 5 of the Dungeon
   721 | D:6      | Noticed a black bear
   725 | D:6      | Noticed a bullfrog
   731 | D:6      | You fall through a shaft for 3 floors!
   731 | D:9      | Noticed an ice beast
   731 | D:9      | Noticed a bullfrog
   731 | D:9      | Noticed a black bear
   731 | D:9      | Noticed an orc warrior
   733 | D:9      | Killed from afar by an electric eel

Vault maps used:
D:1:      tarquinn_simple_flora_water_d, solitary_fountain
D:2:      nicolae_ashenzari_panopticon
D:3:      first_ration
D:4:      chequers_temple_overflow_minitemple, st_stairs_2, hangedman_decor_push
D:5:      nicolae_ru_path_of_blood, grunt_qazlal_sundering, minmay_misc_feat_iff
D:6:      makhleb_heckhound_becter
D:9:      serial_ice, serial_ice_h, serial_ice_i, serial_ice_e, serial_ice_d,
          basic_altar

Skill      XL: |  1  2  3 |
---------------+----------+-----
Long Blades    | 3 4 |  4.4
Fighting       | |  2.1
Throwing       | |  1.0
Armour         | |  1.1
Dodging        | |  1.7
Spellcasting   | |  2.1
Translocations | |  2.6

Action                   |  1- 3 |  4- 6 || total
-------------------------+-------+-------++-------
Melee: Falchion          |    62 |    58 ||   120
 Abil: Shaft Self        |     1 |     2 ||     3
       Dig               |       |     7 ||     7
 Stab: Sleeping          |     1 |       ||     1
Armor: Leather armour    |    22 |     1 ||    23
       Chain mail        |       |    30 ||    30
Dodge: Dodged            |    36 |    13 ||    49
       Rpst.: Falchion   |    13 |     6 ||    19

Table legend:
 A = Spawn XP
 B = Non-spawn XP
 C = Spawn XP percentage of total XP
 D = Spawn monster count
 E = Non-spawn monster count
 F = Spawn count percentage of total count
 G = Total turns spent on level
                    A         B        C        D         E        F      G
               +---------+---------+-------+---------+---------+-------+---------
         Total |       0 |     107 |   0.0 |       0 |      28 |   0.0 |   733
               +---------+---------+-------+---------+---------+-------+---------
           D:1 |       0 |      15 |   0.0 |       0 |       6 |   0.0 |   119
           D:2 |       0 |      17 |   0.0 |       0 |       9 |   0.0 |   166
           D:3 |       0 |       3 |   0.0 |       0 |       2 |   0.0 |    50
           D:4 |       0 |      65 |   0.0 |       0 |       9 |   0.0 |   216
           D:6 |       0 |       7 |   0.0 |       0 |       2 |   0.0 |   155
               +---------+---------+-------+---------+---------+-------+---------
